 Dungeon Crawl Stone Soup version 0.30.0-29-ga12c61a403 (webtiles) character file.

Game seed: 15966000361382974182

1771061 fedoskokos the Middleweight Champion (level 24, 155/247 HPs)
             Began as a Ghoul Fighter on June 20, 2023.
             Was an Initiate of Gozag.
             Escaped with the Orb
             ... and 3 runes!
             The game lasted 01:17:17 (55713 turns).

fedoskokos the Middleweight Champion (GhFi)        Turns: 55713, Time: 01:17:18

Health: 155/247    AC: 25    Str: 40    XL:     24   Next: 92%
Magic:  22/22      EV: 18    Int:  9    God:    Gozag
Gold:   791        SH: 27    Dex:  8    Spells: 23/23 levels left

rFire   + .          .
                       - Unarmed
rCold   + + .        X - +2 tower shield {rN+}
rNeg    + + +        k - +2 gold dragon scales
rPois   ∞            b - +2 hat {Int+3}
rElec   +            Z - +1 cloak {rPois}
rCorr   .            (no gloves)
SInv    .            Y - +1 pair of boots "Zadetaanti" {Str+3 Int+3}
Will    +....        E - amulet of reflection Stlth
                     D - ring "Saesirih" {rElec rPois Str+6 Stlth-}
HPRegen 0.61/turn    L - ring of the Hare {EV+10}
MPRegen 0.18/turn

%: reflection
@: gold aura, studying Summonings
A: claws 1, cold resistance 1, negative energy resistance 3, inhibited
regeneration, torment resistance 2, devour on kill
0: Orb of Zot
}: 3/15 runes: decaying, serpentine, silver
a: Renounce Religion, Potion Petition, Call Merchant, Bribe Branch


You escaped.
You worshipped Gozag.
Gozag was pleased with you.
You visited 8 branches of the dungeon, and saw 44 of its levels.
You visited the Abyss 1 time.
You visited 1 bazaar.
You also visited: Sewer.

You collected 28179 gold pieces.
You spent 4588 gold pieces at shops.
You paid 22800 gold pieces to Gozag.

Inventory:

Missiles
 P - 6 throwing nets (quivered)
Armour
 b - a +2 hat of intelligence (worn)
 g - the +7 ring mail of the Garden {rCorr Str+2}
   (You found it on level 5 of the Dungeon)

   Str:       It affects your strength (+2).
   rCorr:     It protects you from acid and corrosion.
 k - +2 gold dragon scales (worn)
 J - a +0 pair of gloves
 Q - the +5 plate armour "Luheb" {rElec Stlth+}
   (You found it on level 11 of the Dungeon)

   rElec:     It insulates you from electricity.
   Stlth:     It makes you more stealthy.
 X - a +2 tower shield of positive energy (worn)
 Y - the +1 pair of boots "Zadetaanti" (worn) {Str+3 Int+3}
   (You acquired it on level 14 of the Dungeon)

   Str:       It affects your strength (+3).
   Int:       It affects your intelligence (+3).
 Z - a +1 cloak of poison resistance (worn)
Jewellery
 c - a ring of protection from cold
 i - a ring of see invisible
 j - a +4 ring of slaying
 v - a +5 ring of evasion
 D - the ring "Saesirih" (left claw) {rElec rPois Str+6 Stlth-}
   (You bought it in a shop on level 7 of the Dungeon)

   [ring of poison resistance]

   Str:       It affects your strength (+6).
   rElec:     It insulates you from electricity.
   rPois:     It protects you from poison.
   Stlth:     It makes you less stealthy.
 E - an amulet of reflection (around neck)
 L - the ring of the Hare (right claw) {EV+10}
   (You bought it in a shop on level 1 of the Depths)

   [ring of evasion]

   EV:        It affects your evasion (+10).
 V - a ring of fire
 W - a +6 ring of intelligence
Wands
 a - a wand of polymorph (27)
 p - a wand of flame (63)
 u - a wand of charming (41)
 y - a wand of iceblast (49)
 O - a wand of light (27)
Scrolls
 f - 7 scrolls of brand weapon
 l - 2 scrolls of magic mapping
 r - 24 scrolls of identify
 s - 6 scrolls of immolation
 t - 23 scrolls of teleportation
 x - 8 scrolls of torment
 C - 8 scrolls of enchant armour
 F - 9 scrolls of enchant weapon
 G - 10 scrolls of fog
 H - 6 scrolls of noise
 I - 15 scrolls of vulnerability
 K - 4 scrolls of poison
 M - 3 scrolls of silence
 R - 5 scrolls of fear
 S - 7 scrolls of amnesia
Potions
 d - a potion of might
 e - 3 potions of ambrosia
 m - 6 potions of attraction
 n - 2 potions of resistance
 q - 11 potions of curing
 w - 3 potions of heal wounds
 A - 5 potions of flight
 B - 7 potions of brilliance
 N - 3 potions of invisibility
 T - 2 potions of experience {unknown}


   Skills:
 + Level 26.4 Fighting
 - Level 9.4 Armour
 - Level 6.3 Dodging
 + Level 22.1 Shields
 O Level 27 Unarmed Combat


You had 23 spell levels left.
You didn't know any spells.
Your spell library contained the following spells:

 Spells                   Type           Power      Damage    Failure   Level
 Foxfire                  Conj/Fire      0%         2x1d4     99%         1
 Kiss of Death            Conj/Necr      0%         2d5       99%         1
 Necrotise                Necr           0%         1d4       99%         1
 Sandblast                Erth           0%         2d4       99%         1
 Momentum Strike          Conj/Tloc      0%         3d8       100%        2
 Static Discharge         Conj/Air       0%         2-2/arc   100%        2
 Confusing Touch          Hex            0%         N/A       100%        3
 Frozen Ramparts          Ice            0%         1d1       100%        3
 Ignite Poison            Fire/Tmut/Pois 0%         N/A       100%        3
 Mephitic Cloud           Conj/Pois/Air  0%         N/A       100%        3
 Stone Arrow              Conj/Erth      0%         3d7       100%        3
 Summon Guardian Golem    Hex/Summ       0%         N/A       100%        3
 Teleport Other           Tloc           0%         N/A       100%        3
 Vampiric Draining        Necr           0%         2d6       100%        3
 Volatile Blastmotes      Fire/Tloc      0%         2d10      100%        3
 Airstrike                Air            0%         2d(0-16)  100%        4
 Animate Armour           Summ/Erth      0%         N/A       100%        4
 Dispel Undead            Necr           0%         3d6       100%        4
 Fulminant Prism          Conj/Hex       0%         3d5       100%        4
 Iskenderun's Mystic Bla  Conj/Tloc      0%         2d3       100%        4
 Leda's Liquefaction      Hex/Erth       0%         N/A       100%        4
 Petrify                  Tmut/Erth      0%         N/A       100%        4
 Summon Ice Beast         Ice/Summ       0%         N/A       100%        4
 Summon Lightning Spire   Summ/Air       0%         N/A       100%        4
 Agony                    Necr           0%         N/A       100%        5
 Freezing Cloud           Conj/Ice/Air   0%         6-21      100%        5
 Irradiate                Conj/Tmut      0%         3d11      100%        5
 Lee's Rapid Deconstruct  Erth           0%         3d4*      100%        5
 Metabolic Englaciation   Hex/Ice        0%         N/A       100%        5
 Conjure Ball Lightning   Conj/Air       0%         3x3d6     100%        6
 Eringya's Noxious Bog    Tmut/Pois      0%         N/A       100%        6
 Iron Shot                Conj/Erth      0%         9d1       100%        6
 Haunt                    Necr/Summ      0%         N/A       100%        7
 Summon Hydra             Summ           0%         N/A       100%        7
 Discord                  Hex            0%         N/A       100%        8
 Disjunction              Tloc           0%         N/A       100%        8
 Infestation              Necr           0%         N/A       100%        8
 Lehudib's Crystal Spear  Conj/Erth      0%         10d2      100%        8
 Maxwell's Capacitive Co  Air            0%         ∞         100%        8
 Chain Lightning          Conj/Air       0%         N/A       100%        9
 Sublimation of Blood     Necr           Unusable   N/A       N/A         2
 Wereblood                Tmut           Unusable   N/A       N/A         2
 Animate Dead             Necr           Unusable   N/A       N/A         4
 Ice Form                 Ice/Tmut       Unusable   N/A       N/A         4
 Blade Hands              Tmut           Unusable   N/A       N/A         5
 Statue Form              Tmut/Erth      Unusable   N/A       N/A         6
 Storm Form               Tmut/Air       Unusable   N/A       N/A         7

Dungeon Overview and Level Annotations

Branches:
Dungeon (15/15)            Temple (0/1) D:7            Lair (5/5) D:11
  Swamp (4/4) Lair:3        Snake (4/4) Lair:3        Slime (0/5) Lair:4
    Orc (2/2) D:10            Elf (0/3) Orc:2        Vaults (5/5) D:13
  Crypt (0/3) Vaults:2     Depths (4/4) D:15            Zot (5/5) Depths:4
  Sewer (visited)

Altars:
Fedhas
Gozag
Makhleb
Sif Muna
Trog
Uskayaw
Yredelemnul
Lugonu

Shops:
D:4 :   D:7 =   D:12 =[   D:13 [   Orc:1 !   Orc:2 :*[(   Snake:4 (
Vaults:4 =   Vaults:5 !!!   Depths:1 [=

Portals:
Hell: Depths:3
Abyss: Lair:5 Depths:3
Ziggurat: Depths:3

Annotations:
D:4 3 runed translucent doors, fedoskokos's ghost, amateur DgHu; maro1969's ghost, amateur MiHu
D:12 1 transporter
Lair:4 1 runed translucent door
Snake:2 3 runed translucent doors, Kununneg's ghost, journeyman TeAE
Zot:5 exclusion: obsidian statue


Innate Abilities, Weirdness & Mutations

You are immune to poison.
You have sharp fingernails.
Your flesh is cold resistant. (rC+)
You are immune to negative energy. (rN+++)
You do not regenerate when monsters are visible.
You are immune to unholy pain and torment.
You thrive by killing the living.


Message History

You block the sun demon's attack. x2
You scratch the sun demon but do no damage.
The sun demon is heavily wounded.
You block the sun demon's attack. x2
You claw the sun demon!
The sun demon is almost dead.
You completely miss the sun demon.
The sun demon is almost dead.
The sun demon hits you!
You are engulfed in flames!
You resist. You block the sun demon's attack.
You mangle the sun demon!!
You kill the sun demon!
You eviscerate the sun demon!!!
You kill the sun demon!
You mangle the sun demon!!
The sun demon is severely wounded.
The sun demon hits you!!
You are engulfed in flames.
You resist.
You are too injured to fight recklessly!
You are too injured to fight recklessly!
You are too injured to fight recklessly!
You are too injured to fight recklessly!
You barely miss the sun demon.
The sun demon is severely wounded.
You mangle the sun demon!!
You kill the sun demon!
A reaper comes into view. It is wielding a +2 scythe of venom.
You block the reaper's attack.
You scratch the reaper but do no damage.
You barely miss the reaper. You block the reaper's attack.
You claw the reaper!
The reaper is lightly wounded.
You eviscerate the reaper!!!
The reaper is almost dead.
You block the reaper's attack.
You mangle the reaper!!
You kill the reaper!
You now have 791 gold pieces (gained 7).
You see here a +2 scythe of venom.
There is a staircase leading out of the dungeon here.
You have escaped!

.......#####.########.####.......
.......#..........2333...#...###.
.......#.#######$#######.#.....2.
#####.##.#......$$.....#.#2#...#.
#.##.#.###########.#.#.##....
#..#.#.#.........#.#2#.##.33.
##.#.#.#.###.###.#.#3#....###
#.#.#.#.#.....#)#.#3#....'..
#...#...#..@..#...#.3....##.
###.#.#.#.....#.#.#.#.#.#...
#.#.#.#######.#.#.#.#.#.#.
#.#.#.........#.#.#.#.#.#.
#.#.###########.#.#.#...#.
#.#.............#.#.#.###.
#.#######'#######^#.#####.
#.................#.......
####.########.#####.......


There were no monsters in sight!

Vanquished Creatures
  A pandemonium lord (D:8)
  2 dread liches
  2 orbs of fire (Zot:5)
  Mara (Vaults:4)
  A juggernaut (Zot:5)
  4 Killer Klowns (Zot:5)
  the Lernaean hydra (Swamp:4)
  Vashnia (Snake:2)
  2 curse toes (Zot:3)
  Jory (Vaults:2)
  A bone dragon (Vaults:2)
  2 golden dragons
  Jorgrun (Snake:2)
  2 electric golems (Zot:5)
  A Tzitzimitl (D:7)
  2 liches
  12 Orb Guardians
  10 tentacled monstrosities
  A walking divine tome (Depths:3)
  2 titans
  A death cob (Zot:4)
  A quicksilver dragon (Depths:3)
  Gastronok (Lair:2)
  2 sphinxes
  The ghost of mmBingo the Eclecticist, an adept DsIE of Makhleb (Snake:4)
  5 shadow dragons
  Donald (Vaults:4)
  Roxanne (Swamp:2)
  2 draconian monks
  A fenstrider witch (Swamp:4)
  8 storm dragons
  An azure jelly (shapeshifter) (Vaults:5)
  3 nagarajas (Snake:4)
  3 fire giants
  2 iron dragons
  2 frost giants
  3 deep elf sorcerers (Vaults:5)
  19 vault wardens
  2 ghost moths (Zot:4)
  A draconian stormcaller (Zot:5)
  Louise (Depths:3)
  4 orc warlords
  A balrug (D:1)
  2 draconian shifters
  A spriggan defender (Depths:3)
  2 draconian annihilators
  16 very ugly things
  18 ironbound preservers
  13 ironbound thunderhulks
  2 war gargoyles
  A reaper (D:1)
  4 stone giants
  A black draconian (Zot:4)
  3 bunyips
  2 green draconians (Zot:5)
  5 eleionomae
  10 dire elephants (Vaults:2)
  6 red draconians
  3 white draconians
  2 purple draconians
  7 yellow draconians
  3 spark wasps
  2 crystal guardians
  2 eidola (Vaults:3)
  A green death (Depths:3)
  4 entropy weavers
  4 fire dragons
  A shambling mangrove (Swamp:1)
  5 ettins
  Josephine (Lair:3)
  15 yaktaur captains
  6 great orbs of eyes
  3 peacekeepers
  Harold (D:11)
  A rakshasa (Depths:3)
  A spriggan skeleton (Abyss:2)
  26 vault guards
  10 ironbound frosthearts
  4 ice dragons
  17 hydras
  5 salamander tyrants (Snake:4)
  2 spriggan air magi (Depths:3)
  Erica (D:10)
  4 ghost crabs
  3 ogre magi
  21 anacondas
  4 boulder beetles
  The ghost of Heoruswealwe the Eclecticist, a journeyman DESu of Sif Muna (D:12)
  9 naga warriors
  2 catoblepae (D:13)
  10 alligators
  11 two-headed ogres
  8 centaur warriors
  3 tengu warriors (D:13)
  4 death yaks (Lair:5)
  2 deep troll shamans (Depths:3)
  3 hell hogs (Depths:3)
  3 deep troll earth magi
  6 thrashing horrors
  11 shock serpents
  3 orc high priests (Orc:2)
  2 spriggan berserkers
  A soul eater (D:8)
  2 hell knights (Depths:3)
  22 naga sharpshooters
  A wretched star (Abyss:2)
  Amaemon (D:8)
  8 skeletal warriors
  3 sun demons (D:1)
  A shadow wraith (Vaults:2)
  6 goliath frogs
  5 iron trolls
  A death drake (Swamp:3)
  3 salamander mystics
  2 glowing orange brains
  4 spriggan druids
  10 swamp dragons
  44 deep trolls
  2 flayed ghosts
  7 naga ritualists
  A harpy (shapeshifter) (Vaults:4)
  25 ironbound convokers
  8 lindwurms
  6 bog bodies
  A swamp dragon (shapeshifter) (D:15)
  11 orc knights
  4 phantasmal warriors
  14 mana vipers
  3 necromancers
  8 wizards
  4 deep elf pyromancers (D:15)
  7 orc sorcerers
  6 will-o-the-wisps
  13 salamanders
  An oklob plant (Zot:3)
  6 manticores
  29 ugly things
  17 vault sentinels
  A worldbinder (Abyss:2)
  9 moths of wrath
  3 cyclopes
  A toenail golem (Depths:4)
  A demonic crawler (Zot:3)
  36 black mambas
  A smoke demon (Lair:5)
  10 guardian serpents
  16 naga magi
  Joseph (D:9)
  15 cane toads
  2 orange demons
  A water nymph (shapeshifter) (Vaults:5)
  Maggie (D:9)
  2 unseen horrors
  6 komodo dragons
  An unseen horror (shapeshifter) (D:15)
  A hellion (D:15)
  50 yaktaurs
  A tengu conjurer (D:13)
  4 ancient zymes
  3 kobold demonologists
  2 ice devils
  4 freezing wraiths
  A yaktaur skeleton (Vaults:5)
  2 red devils
  A queen bee (D:11)
  3 meliai (D:15)
  7 trolls
  3 raiju (Abyss:2)
  Grinder (Sewer)
  9 hornets
  6 dream sheep
  7 tyrant leeches
  11 blink frogs
  2 spectral elephants (Lair:3)
  A fire giant simulacrum (Vaults:5)
  25 slime creatures
  2 jumping spiders (shapeshifter)
  A shadow (D:11)
  12 small abominations
  9 spriggans
  45 yaks
  4 wraiths
  2 wyverns
  A ynoxinul (Abyss:2)
  A neqoxec (Abyss:2)
  8 basilisks
  A fire bat (shapeshifter) (Lair:5)
  14 vampire mosquitoes
  9 redbacks
  A redback (shapeshifter) (Vaults:1)
  Menkaure (D:5)
  2 chaos spawn (Lair:5)
  34 nagas
  3 wargs
  13 swamp worms
  9 large abominations
  An acid dragon (D:11)
  12 water moccasins
  Duvessa (D:5)
  2 black bears (shapeshifter)
  43 orc warriors
  A glowing shapeshifter skeleton (Vaults:5)
  A sky beast (D:8)
  An ice beast (D:5)
  2 black bears (D:11)
  The ghost of ymhsbmbesitwf the Chopper, an amateur MiBe of Trog (D:3)
  7 ogres
  8 swamp drakes
  11 boggarts
  12 wolves
  14 centaurs
  A phantom (D:7)
  5 kobold brigands
  17 bullfrogs
  3 gnoll sergeants
  3 scorpions
  4 wights (D:9)
  Dowan (D:5)
  32 killer bees
  A human simulacrum (Vaults:5)
  3 howler monkeys
  An electric eel (Lair:4)
  2 quasits (Sewer)
  5 hounds
  22 orc priests
  A gnoll bouda (Orc:1)
  6 jellies (Zot:3)
  Jessica (D:2)
  Ijyb (D:3)
  4 iguanas
  12 human skeletons (Vaults:3)
  38 orc wizards
  6 hell rats (Lair:1)
  Natasha (thrice) (D:3)
  23 gnolls
  13 adders
  10 river rats (Lair:1)
  4 shadow imps
  6 white imps
  9 ufetubi
  2 worms
  3 dart slugs
  121 orcs
  10 bats
  6 endoplasms
  4 giant cockroaches
  10 goblins
  3 hobgoblins
  4 jackals (D:3)
  13 quokkas
  10 ball pythons
  3 frilled lizards
  33 kobolds
  23 rats
1748 creatures vanquished.

Vanquished Creatures (collateral kills)
  A dread lich (Zot:5)
  A curse toe (Zot:4)
  5 golden dragons
  An electric golem (Zot:4)
  A tentacled monstrosity (Zot:4)
  A lich (Vaults:5)
  2 titans
  12 Orb Guardians (Zot:5)
  2 death cobs
  7 acid blobs (Zot:3)
  2 draconian monks
  A shadow dragon (Zot:5)
  A tengu reaver (Vaults:5)
  2 storm dragons
  3 fire giants (Zot:4)
  3 draconian knights
  2 frost giants (Zot:4)
  2 ghost moths (Zot:4)
  2 draconian shifters
  3 draconian scorchers
  A very ugly thing (Vaults:5)
  3 draconian annihilators
  2 draconian stormcallers
  4 green draconians
  4 white draconians
  4 black draconians
  A red draconian (Zot:2)
  2 spark wasps (Depths:3)
  10 yellow draconians
  3 purple draconians
  An ettin (Zot:4)
  A fire dragon (Zot:4)
  A yaktaur captain (Vaults:5)
  4 vault guards (Vaults:5)
  4 ice dragons (Zot:4)
  An orc knight (Vaults:5)
  A salamander (shapeshifter) (Vaults:5)
  2 oklob plants (Zot:3)
  7 moths of wrath
  A yaktaur (Vaults:5)
  A hornet (Vaults:5)
  A slime creature (shapeshifter) (Vaults:5)
  An orc warrior (Vaults:5)
  9 jellies (Zot:3)
  3 orcs (Vaults:5)
126 creatures vanquished.

Vanquished Creatures (others)
  2 orbs of fire (Zot:5)
  A dread lich (Zot:5)
  An ancient lich (Vaults:5)
  Boris (Depths:3)
  A Killer Klown (Zot:5)
  8 tentacled monstrosities
  4 Orb Guardians (Zot:5)
  2 acid blobs (Zot:3)
  A death cob (Zot:2)
  2 tengu reavers
  A shadow dragon (Zot:5)
  A draconian monk (Zot:2)
  A frost giant (Vaults:5)
  A fire giant (Depths:3)
  5 vault wardens (Vaults:5)
  2 iron dragons
  An ironbound preserver (Vaults:3)
  A draconian stormcaller (Zot:3)
  3 draconian annihilators
  3 draconian shifters
  2 very ugly things
  An ironbound thunderhulk (Vaults:5)
  5 stone giants
  A black draconian (Zot:2)
  A green draconian (Zot:2)
  A white draconian (Zot:4)
  3 deep elf annihilators (Vaults:5)
  A red draconian (Zot:3)
  2 purple draconians
  10 yellow draconians
  2 ettins
  An entropy weaver (Vaults:5)
  2 deep elf high priests
  2 yaktaur captains (Vaults:5)
  A rakshasa (Depths:3)
  5 vault guards (Vaults:5)
  2 spriggan air magi (Depths:3)
  An ogre mage (Vaults:5)
  A deep troll earth mage (Vaults:5)
  A shadow wraith (Vaults:2)
  A spriggan berserker (Depths:3)
  An iron troll (Vaults:5)
  A flayed ghost (Depths:3)
  A necromancer (Depths:3)
  An ironbound convoker (Vaults:5)
  An orc knight (Vaults:5)
  A wolf spider (D:15)
  3 moths of wrath
  A vault sentinel (Vaults:5)
  A yaktaur (Vaults:5)
  A troll (shapeshifter) (Vaults:5)
  A hornet (Depths:3)
  A slime creature (Vaults:3)
  A spriggan (Depths:3)
  An ogre (shapeshifter) (Vaults:5)
  A boggart (Vaults:2)
  10 jellies (Zot:3)
  4 orcs
  A kobold (D:14)
  2 kobold zombies (Sewer)
  16 foxfires
138 creatures vanquished.

Grand Total: 2012 creatures vanquished

Notes
Turn   | Place    | Note
-------+----------+-------------------------------------------
     0 | D:1      | fedoskokos the Ghoul Fighter began the quest for the Orb.
     0 | D:1      | Reached XP level 1. HP: 19/19 MP: 0/0
   252 | D:1      | Reached XP level 2. HP: 23/26 MP: 1/1
   535 | D:1      | Reached skill level 3 in Unarmed Combat
  1002 | D:2      | Reached XP level 3. HP: 33/33 MP: 2/2
  1208 | D:2      | Reached skill level 4 in Unarmed Combat
  1208 | D:2      | Reached XP level 4. HP: 31/40 MP: 3/3
  1443 | D:2      | Noticed Jessica
  1452 | D:2      | Killed Jessica
  1685 | D:3      | Found a runed translucent gate.
  1685 | D:3      | Found a runed translucent gate.
  1687 | D:3      | Found an opulent altar of Gozag.
  1688 | D:3      | Found a runed translucent gate.
  1689 | D:3      | Noticed ymhsbmbesitwf's ghost (amateur MiBe)
  1694 | D:3      | Noticed Ijyb
  1717 | D:3      | Killed Ijyb
  1718 | D:3      | Reached XP level 5. HP: 5/47 MP: 4/4
  1917 | D:3      | Reached skill level 5 in Unarmed Combat
  2058 | D:3      | Noticed Natasha
  2065 | D:3      | Killed ymhsbmbesitwf's ghost
  2066 | D:3      | Reached skill level 5 in Fighting
  2066 | D:3      | Reached skill level 6 in Unarmed Combat
  2066 | D:3      | Reached XP level 6. HP: 13/56 MP: 5/5
  2066 | D:3      | Found a glowing drain.
  2228 | Sewer    | Entered a sewer
  2382 | Sewer    | Found a burning altar of Makhleb.
  2505 | Sewer    | Reached XP level 7. HP: 58/61 MP: 6/6
  2532 | Sewer    | Noticed Grinder
  2537 | Sewer    | Paralysed by Grinder for 4 turns
  2550 | Sewer    | Paralysed by Grinder for 2 turns
  2556 | Sewer    | Killed Grinder
  2557 | Sewer    | Reached skill level 7 in Unarmed Combat
  2672 | D:3      | Killed Natasha
  2696 | D:3      | Became a worshipper of Gozag Ym Sagoz the Greedy
  2755 | D:3      | Noticed Natasha
  2765 | D:3      | Killed Natasha
  2793 | D:3      | Noticed Natasha
  2799 | D:3      | Killed Natasha
  3019 | D:4      | Reached skill level 8 in Unarmed Combat
  3066 | D:4      | Reached XP level 8. HP: 71/71 MP: 7/7
  3083 | D:4      | Found a runed translucent gate.
  3083 | D:4      | Found a runed translucent gate.
  3083 | D:4      | Found a runed translucent gate.
  3264 | D:4      | Found the +5 Force Lance {heavy, knockback}
  3267 | D:4      | Found Meshab's Tremendous Tomes.
  3418 | D:4      | Noticed fedoskokos's ghost (amateur DgHu)
  3418 | D:4      | Noticed maro1969's ghost (amateur MiHu)
  3720 | D:5      | Entered Level 5 of the Dungeon
  3786 | D:5      | Noticed Duvessa
  3787 | D:5      | Noticed Dowan
  3801 | D:5      | Killed Duvessa
  3810 | D:5      | Killed Dowan
  3811 | D:5      | Reached skill level 9 in Unarmed Combat
  3988 | D:5      | Noticed Menkaure
  3999 | D:5      | Killed Menkaure
  4216 | D:5      | Identified the +7 ring mail of the Garden {rCorr Str+2}
  4503 | D:5      | Reached skill level 10 in Unarmed Combat
  4511 | D:5      | Reached XP level 9. HP: 76/80 MP: 8/8
  5009 | D:6      | Identified 2 scrolls of acquirement
  5013 | D:6      | Acquired 1012 gold pieces
  5015 | D:6      | Acquired 899 gold pieces
  5265 | D:6      | Found a blossoming altar of Fedhas.
  5438 | D:7      | Reached skill level 11 in Unarmed Combat
  5781 | D:7      | Found a staircase to the Ecumenical Temple.
  5830 | D:7      | Bought the ring "Saesirih" {rElec rPois Str+6 Stlth-} for
                  | 542 gold pieces
  5830 | D:7      | Bought an amulet of reflection for 360 gold pieces
  6549 | D:8      | Noticed an orange demon
  6562 | D:8      | Killed an orange demon
  6563 | D:8      | Reached skill level 12 in Unarmed Combat
  6598 | D:8      | Noticed Amaemon
  6613 | D:8      | Killed Amaemon
  6614 | D:8      | Reached XP level 10. HP: 46/92 MP: 9/9
  6704 | D:8      | Noticed a manticore
  6714 | D:8      | Killed a manticore
  6715 | D:8      | Reached skill level 13 in Unarmed Combat
  7492 | D:9      | Reached skill level 10 in Fighting
  8205 | D:9      | Noticed Maggie
  8211 | D:9      | Killed Maggie
  8212 | D:9      | Reached skill level 14 in Unarmed Combat
  8417 | D:9      | Noticed Joseph
  8427 | D:9      | Killed Joseph
  8742 | D:10     | Entered Level 10 of the Dungeon
  8762 | D:10     | Noticed a cyan ugly thing
  8769 | D:10     | Killed a cyan ugly thing
  8770 | D:10     | Reached XP level 11. HP: 86/101 MP: 10/10
  8994 | D:10     | Found a burning altar of Makhleb.
  8999 | D:10     | Found a shimmering blue altar of Sif Muna.
  9003 | D:10     | Found a bloodstained altar of Trog.
  9005 | D:10     | Found a hide-covered altar of Uskayaw.
  9115 | D:10     | Found a staircase to the Orcish Mines.
  9354 | D:10     | Identified the +4 ring mail "Gyzur" {Drain rCorr Str-4
                  | Dex+6}
  9520 | D:10     | Noticed Erica
  9526 | D:10     | Noticed a two-headed ogre
  9531 | D:10     | Killed Erica
  9532 | D:10     | Reached skill level 15 in Unarmed Combat
  9538 | D:10     | Killed a two-headed ogre
 10163 | D:11     | Noticed a manticore
 10169 | D:11     | Killed a manticore
 10274 | D:11     | Noticed a boulder beetle
 10290 | D:11     | Killed a boulder beetle
 10396 | D:11     | Found a staircase to the Lair.
 10421 | D:11     | Reached skill level 16 in Unarmed Combat
 10539 | D:11     | Noticed a two-headed ogre
 10544 | D:11     | Killed a two-headed ogre
 10668 | D:11     | Noticed Harold
 10673 | D:11     | Killed Harold
 10775 | D:11     | Noticed a manticore
 10779 | D:11     | Killed a manticore
 10887 | D:11     | Noticed an eight-headed hydra
 10899 | D:11     | Killed an eight-headed hydra
 10900 | D:11     | Reached XP level 12. HP: 34/113 MP: 11/11
 11121 | D:11     | Identified the +5 plate armour "Luheb" {rElec Stlth+}
 11279 | D:11     | Reached skill level 17 in Unarmed Combat
 11559 | D:12     | Found Nyewouf's Antique Armour Emporium.
 11798 | Lair:1   | Entered Level 1 of the Lair of Beasts
 12866 | Lair:1   | Acquired 1172 gold pieces
 12926 | Lair:2   | Noticed Gastronok
 12940 | Lair:2   | Killed Gastronok
 12941 | Lair:2   | Reached skill level 18 in Unarmed Combat
 13000 | Lair:2   | Reached skill level 5 in Armour
 13052 | Lair:2   | You fall into a shaft and drop 2 floors!
 13145 | Lair:3   | Noticed a four-headed hydra
 13152 | Lair:3   | Killed a four-headed hydra
 13153 | Lair:3   | Reached XP level 13. HP: 122/122 MP: 12/12
 13386 | Lair:2   | Found a shimmering blue altar of Sif Muna.
 14308 | Lair:3   | Noticed Josephine
 14310 | Lair:3   | Found a staircase to the Snake Pit.
 14321 | Lair:3   | Killed Josephine
 14525 | Lair:3   | Found a staircase to the Swamp.
 14775 | Lair:4   | Reached skill level 1 in Dodging
 14778 | Lair:4   | Reached skill level 19 in Unarmed Combat
 15300 | Lair:4   | Found a runed translucent door.
 15301 | Lair:4   | Noticed an azure jelly
 15302 | Lair:4   | Found a staircase to the Slime Pits.
 15302 | Lair:4   | Noticed an azure jelly
 15303 | Lair:4   | Noticed an azure jelly
 15577 | Lair:5   | Entered Level 5 of the Lair of Beasts
 16042 | Abyss:2  | Cast into level 2 of the Abyss (spriggan)
 16188 | Abyss:2  | Noticed a great orb of eyes
 16195 | Abyss:2  | Killed a great orb of eyes
 16281 | Abyss:2  | Noticed a tentacled monstrosity
 16291 | Abyss:2  | Killed a tentacled monstrosity
 16292 | Abyss:2  | Reached XP level 14. HP: 56/133 MP: 13/13
 16324 | Abyss:2  | Noticed a starcursed mass
 16384 | Lair:5   | Escaped the Abyss
 16446 | Lair:5   | Reached skill level 20 in Unarmed Combat
 16457 | Lair:5   | Found a corrupted altar of Lugonu.
 16713 | Lair:5   | Found a one-way gate to the infinite horrors of the Abyss.
 16830 | Lair:5   | Reached skill level 15 in Fighting
 17460 | Lair:5   | Reached skill level 5 in Dodging
 17882 | Lair:5   | Identified the +5 scale mail of Youthful Indiscretion
                  | {Stlth+}
 18358 | Orc:1    | Entered Level 1 of the Orcish Mines
 18367 | Orc:1    | Found Kazeh's Distillery.
 18412 | Orc:1    | Bought a potion of heal wounds for 75 gold pieces
 18412 | Orc:1    | Bought a potion of heal wounds for 75 gold pieces
 18816 | Orc:1    | Reached XP level 15. HP: 141/141 MP: 14/14
 19194 | Orc:2    | Entered Level 2 of the Orcish Mines
 19215 | Orc:2    | Found a bloodstained altar of Trog.
 19216 | Orc:2    | Paralysed by an orc sorcerer for 4 turns
 19294 | Orc:2    | Noticed an orc warlord
 19301 | Orc:2    | Killed an orc warlord
 19661 | Orc:2    | Reached skill level 21 in Unarmed Combat
 19760 | Orc:2    | Noticed an orc warlord
 19773 | Orc:2    | Killed an orc warlord
 20330 | Orc:2    | Found a shimmering blue altar of Sif Muna.
 20550 | Orc:2    | Found a staircase to the Elven Halls.
 20680 | Orc:2    | Found Kyppocoe's Antique Armour Emporium.
 20681 | Orc:2    | Found Rotiff's Antique Weapon Emporium.
 20683 | Orc:2    | Found Vupnub's General Store.
 20683 | Orc:2    | Found Nuceig's Book Shoppe.
 20688 | Orc:2    | Bought a shiny tower shield for 277 gold pieces
 21216 | D:12     | Found a transporter.
 21272 | D:12     | Found a transporter.
 21272 | D:12     | Noticed Heoruswealwe's ghost (journeyman DESu)
 21272 | D:12     | Identified the +9 great mace of Cocytus {heavy, rF++ Dex-4}
 21278 | D:12     | Found a transporter.
 21605 | D:12     | Killed Heoruswealwe's ghost
 22030 | Snake:1  | Entered Level 1 of the Snake Pit
 22283 | Snake:1  | HP: 6/143 [constriction[a naga ritualist] (3)]
 22302 | Snake:1  | Reached skill level 5 in Shields
 22858 | D:13     | Identified the +4 chain mail of Saghoure {Dex+3 Slay+2}
 23080 | D:13     | Identified the staff of poison "Aqionou" {rPois rN+}
 23092 | D:13     | Found a gate to the Vaults.
 23435 | D:13     | Reached XP level 16. HP: 149/150 MP: 15/15
 23452 | D:13     | Found Wer Kabb's Armour Shop.
 23797 | D:14     | Acquired the +1 pair of boots "Zadetaanti" {Str+3 Int+3}
 24047 | D:14     | Found an opulent altar of Gozag.
 24334 | D:15     | Entered Level 15 of the Dungeon
 24868 | D:15     | Reached skill level 10 in Shields
 25205 | D:15     | Found a staircase to the Depths.
 25794 | Swamp:1  | Entered Level 1 of the Swamp
 27842 | Swamp:2  | Noticed Roxanne
 27861 | Swamp:2  | Killed Roxanne
 28397 | Swamp:2  | Found a basalt altar of Yredelemnul.
 28410 | Swamp:2  | Identified the +0 chain mail of Dithmenos's Regard {Str+7
                  | SInv}
 28568 | Swamp:3  | Reached XP level 17. HP: 158/158 MP: 16/16
 29469 | Swamp:3  | Reached skill level 22 in Unarmed Combat
 29716 | Swamp:4  | Entered Level 4 of the Swamp
 30206 | Swamp:4  | Paralysed by a fenstrider witch for 2 turns
 30393 | Swamp:4  | Noticed the 27-headed Lernaean hydra
 30679 | Swamp:4  | Killed the 27-headed Lernaean hydra
 30698 | Swamp:4  | Got a decaying rune of Zot
 31874 | Snake:1  | Reached XP level 18. HP: 164/169 MP: 17/17
 32106 | Snake:1  | Reached skill level 23 in Unarmed Combat
 32799 | Snake:2  | Noticed Vashnia
 32838 | Snake:2  | Killed Vashnia
 33549 | Snake:2  | Found a runed translucent gate.
 33568 | Snake:2  | Found a runed translucent gate.
 33573 | Snake:2  | Found a runed translucent gate.
 33606 | Snake:2  | Noticed Jorgrun
 33619 | Snake:2  | Killed Jorgrun
 34110 | Snake:2  | Noticed Kununneg's ghost (journeyman TeAE)
 35255 | Snake:4  | Entered Level 4 of the Snake Pit
 35379 | Snake:4  | Identified the +0 robe "Keuleewn" {rPois rN+ MP-9 Int+3}
 35387 | Snake:4  | Reached skill level 24 in Unarmed Combat
 35524 | Snake:4  | Found Botsotai's Firing Range.
 35525 | Snake:4  | Found a runed translucent door.
 35863 | Snake:4  | Noticed mmBingo's ghost (adept DsIE)
 36496 | Snake:4  | Reached XP level 19. HP: 125/179 MP: 18/18
 36795 | Snake:4  | Got a serpentine rune of Zot
 37040 | Snake:4  | Killed mmBingo's ghost
 37053 | Snake:4  | Got the Cyclopedia of Curses and Distance
 37312 | Vaults:1 | Entered Level 1 of the Vaults
 38303 | Vaults:1 | Reached skill level 15 in Shields
 38315 | Vaults:1 | Reached skill level 25 in Unarmed Combat
 40087 | Vaults:2 | Reached XP level 20. HP: 191/191 MP: 19/19
 40128 | Vaults:2 | Identified the +4 falchion "Tyom" {vamp, Will+ Int+4}
 40288 | Vaults:2 | Acquired 578 gold pieces
 40505 | Vaults:2 | Noticed a bone dragon
 40517 | Vaults:2 | Found a staircase to the Crypt.
 40520 | Vaults:2 | Killed a bone dragon
 41016 | Vaults:2 | Reached skill level 26 in Unarmed Combat
 41341 | Vaults:2 | Noticed Jory
 41359 | Vaults:2 | Killed Jory
 41603 | Vaults:2 | Noticed a dread lich
 41619 | Vaults:2 | Killed a dread lich
 42316 | Vaults:3 | Found a flickering gateway to a bazaar.
 42323 | Bazaar   | Entered a bazaar
 42383 | Bazaar   | Found Uddiugoi's Jewellery Shop.
 42397 | Bazaar   | Found Leut's Distillery.
 42405 | Bazaar   | Bought a potion of heal wounds for 95 gold pieces
 42405 | Bazaar   | Bought a potion of heal wounds for 95 gold pieces
 42411 | Bazaar   | Found Ifru's Magic Scroll Shop.
 42419 | Bazaar   | Bought a scroll of torment for 142 gold pieces
 42419 | Bazaar   | Bought a scroll of torment for 142 gold pieces
 42425 | Bazaar   | Found Naagal's Magic Scroll Boutique.
 42433 | Bazaar   | Bought a scroll of blinking for 105 gold pieces
 42433 | Bazaar   | Bought a scroll of teleportation for 42 gold pieces
 42447 | Bazaar   | Bought a scroll of fear for 60 gold pieces
 42467 | Bazaar   | Found Mary's Assorted Antiques.
 42481 | Bazaar   | Found Qosodd's Weapon Boutique.
 42495 | Bazaar   | Found Boinihih's Antique Weapon Shop.
 42550 | Vaults:3 | You fall into a shaft and drop 1 floor!
 43136 | Vaults:4 | Reached XP level 21. HP: 201/201 MP: 20/20
 43320 | Vaults:4 | Noticed Mara
 43328 | Vaults:4 | Killed Mara
 43329 | Vaults:4 | Reached skill level 27 in Unarmed Combat
 43578 | Vaults:4 | Noticed Donald
 43588 | Vaults:4 | Killed Donald
 44148 | Vaults:4 | Found Cofinyuc's Jewellery Shop.
 44853 | Vaults:3 | Identified the +2 leather armour "Hol Qeng" {rPois Str+2
                  | Dex+3}
 45587 | Vaults:5 | Entered Level 5 of the Vaults
 45830 | Vaults:5 | Noticed a golden dragon
 45853 | Vaults:5 | Killed a golden dragon
 45871 | Vaults:5 | Reached XP level 22. HP: 84/214 MP: 21/21
 45882 | Vaults:5 | Got a silver rune of Zot
 45909 | Vaults:5 | Identified the +10 glaive "Muedomap" {elec, rF++ Will-
                  | Int+3}
 46000 | Vaults:5 | Identified the staff of air "Hiuty" {rElec rN+ Str+4 Int+3
                  | Stlth-}
 46253 | Vaults:5 | Noticed an ancient lich
 46255 | Vaults:5 | Identified the ring "Acrylitz" {Ice rN+ rCorr Str+4}
 46395 | Vaults:5 | Identified the +8 rapier "Neonoje" {heavy, rC+ Will+}
 46539 | Vaults:5 | Got the Elucidation of Pestilent Geology
 46624 | Vaults:5 | Found Qieph's Distillery.
 46625 | Vaults:5 | Noticed a dread lich
 46647 | Vaults:5 | Killed a dread lich
 46653 | Vaults:5 | Bought a potion of heal wounds for 105 gold pieces
 46757 | Vaults:5 | Found Weuhar's Distillery.
 46839 | Vaults:5 | Found Pele's Distillery.
 46844 | Vaults:5 | Bought a potion of heal wounds for 100 gold pieces
 46844 | Vaults:5 | Bought a potion of heal wounds for 100 gold pieces
 47008 | Vaults:5 | Identified the staff of fire "Luolij" {rF+ rN+ Stlth+}
 47200 | Vaults:5 | Identified the staff of fire "Penycyew" {Fragile rPois rF+
                  | rN+ Dex+4}
 47321 | Vaults:5 | Paralysed by a great orb of eyes for 4 turns
 48035 | Depths:1 | Entered Level 1 of the Depths
 48265 | Depths:1 | Bought a glowing cloak for 225 gold pieces
 48279 | Depths:1 | Bought the ring of the Hare {EV+10} for 2048 gold pieces
 48279 | Depths:1 | Found the ring of the Hare {EV+10}
 48391 | Depths:3 | Noticed Boris
 49095 | Depths:3 | Killed Boris
 49123 | Depths:3 | Noticed Louise
 49134 | Depths:3 | Killed Louise
 49557 | Depths:3 | Found a gateway to Hell.
 49585 | Depths:3 | Got the Volume of the Impact
 49714 | Depths:3 | Found a one-way gateway to a ziggurat.
 49732 | Depths:3 | Reached XP level 23. HP: 227/227 MP: 22/22
 50171 | Depths:4 | Entered Level 4 of the Depths
 50237 | Depths:4 | Found a gate to the Realm of Zot.
 50283 | Zot:1    | Entered Level 1 of the Realm of Zot
 50371 | Zot:1    | Noticed a golden dragon
 50380 | Zot:1    | Killed a golden dragon
 50438 | Zot:3    | Noticed an orb of fire
 50742 | Zot:4    | Noticed a golden dragon
 50742 | Zot:4    | Noticed a golden dragon
 50747 | Zot:4    | Killed a golden dragon
 50751 | Zot:4    | Killed a golden dragon
 50752 | Zot:4    | Killed a golden dragon
 50756 | Zot:4    | Noticed a curse toe
 50769 | Zot:4    | Killed a curse toe
 50948 | Zot:4    | Noticed a golden dragon
 50951 | Zot:4    | Killed a golden dragon
 52072 | Zot:4    | Identified the +4 arbalest "Celuom" {heavy, *Corrode Will-
                  | Int+3 Dex+6}
 52706 | Zot:5    | Entered Level 5 of the Realm of Zot
 52933 | Zot:5    | Noticed a Killer Klown
 52933 | Zot:5    | Noticed an orb of fire
 52934 | Zot:5    | Noticed a Killer Klown
 52934 | Zot:5    | Noticed a Killer Klown
 52934 | Zot:5    | Noticed an orb of fire
 53045 | Zot:5    | Noticed a Killer Klown
 53049 | Zot:5    | Noticed a golden dragon
 53055 | Zot:5    | Killed a golden dragon
 53065 | Zot:5    | Reached XP level 24. HP: 225/240 MP: 22/22
 53092 | Zot:5    | Noticed an orb of fire
 53112 | Zot:5    | Killed a Killer Klown
 53112 | Zot:5    | Noticed a dread lich
 53118 | Zot:5    | Killed an orb of fire
 53125 | Zot:5    | Killed an orb of fire
 53127 | Zot:5    | Killed a Killer Klown
 53128 | Zot:5    | Noticed a Killer Klown
 53129 | Zot:5    | Noticed a Killer Klown
 53129 | Zot:5    | Noticed a dread lich
 53129 | Zot:5    | a Killer Klown changed into a juggernaut
 53129 | Zot:5    | Noticed a juggernaut
 53137 | Zot:5    | Killed a juggernaut
 53141 | Zot:5    | Killed a dread lich
 53147 | Zot:5    | Killed an orb of fire
 53149 | Zot:5    | Killed a Killer Klown
 53162 | Zot:5    | Killed a Killer Klown
 53165 | Zot:5    | Killed a dread lich
 54397 | Zot:5    | Identified the +1 rapier of Desertification {flame, rElec
                  | rPois Dex-4}
 54789 | Zot:5    | Got the Orb of Zot
 54923 | Zot:3    | Noticed a curse toe
 54934 | Zot:3    | Killed a curse toe
 54944 | Zot:3    | Noticed a curse toe
 54950 | Zot:3    | Killed a curse toe
 55491 | D:8      | Noticed Seces the pandemonium lord
 55496 | D:8      | Killed Seces the pandemonium lord
 55713 | D:$      | Escaped with the Orb!

Illustrated notes

Levels and vault maps discovered:
D:1:      matt_arrival_refuge, layout_basic
D:2:      layout_basic, minmay_pentomino_x2, uniq_jessica
D:3:      layout_rooms, ebering_ghost_gozag, cheibrodos_sewer_entry_drain,
          grunt_decor_one_mirror, uniq_ijyb, uniq_natasha
D:4:      layout_loops_cross, gammafunk_ghost_cemetery,
          nicolae_shop_i_like_big_books
D:5:      layout_loops_cross, uniq_duvessa, uniq_menkaure
D:6:      layout_basic, fedhas_altar_fruit_tree
D:7:      layout_rooms, minmay_temple_entry_purple_smoke
D:8:      layout_layer_cave, nrook_mini_vaults, serial_bayou_pond_c,
          uniq_amaemon
D:9:      layout_basic, uniq_joseph, uniq_maggie
D:10:     layout_layer_cave, minitemple, hiddenorc2_lemuel, uniq_erica
D:11:     layout_roguey [special_room_bee], due_lair_maze_entry_diamond,
          uniq_harold
D:12:     layout_roguey, serial_shops, shop, gammafunk_ghost_smash,
          nicolae_diode_basic
D:13:     layout_stronghold, hangedman_vaults_entry_quadrant_bands,
          serial_shops, kennysheep_little_box
D:14:     layout_cave_pools, grunt_gozag_breadcrumbs, bh_walls_and_bars
D:15:     hangedman_depths_entry_try_elsewhere_first, layout_stronghold,
          serial_glass, glass_columns_c, glass_columns_a, glass_columns_b,
          glass_columns_a, glass_columns_c, glass_columns_c, kb_rosetta
Lair:1:   lemuel_ratsnest, layout_gridlike, guppyfry_lair_drakes,
          grunt_megastairs_1
Lair:2:   layout_misc_corridors, minmay_holes, lemuel_centaur_altar,
          grunt_megastairs_4, uniq_gastronok
Lair:3:   layout_roguey, nicolae_swamp_entry_spooky, nicolae_snake_entry_squirm,
          infiniplex_staircase_pool, uniq_josephine
Lair:4:   layout_roguey, slime_entry_2, serial_rivers,
          chequers_serial_rivers_micro_c, chequers_serial_rivers_micro_a,
          chequers_serial_rivers_small_a, chequers_serial_rivers_large_b,
          chequers_serial_rivers_large_a, chequers_serial_rivers_micro_a,
          serial_bayou_shore_a
Lair:5:   hellmonk_lair_end_abyssal_woods, layout_gridlike, grunt_megastairs_2,
          infiniplex_staircase_pool_2
Swamp:1:  layout_basic_swamp, evilmike_swamp_ruin_rubble_1
Swamp:2:  layout_falls_marsh, nicolae_swamp_godswood, uniq_roxanne
Swamp:3:  layout_falls_marsh, serial_swamp_ruin, evilmike_swamp_ruin_rubble_2,
          evilmike_swamp_ruin_house_6, swamp_pool3
Swamp:4:  swamp, layout_basic_swamp
Snake:1:  nicolae_snake_unarmed_stairs_patrol, layout_chambers,
          grunt_ministairs_10, serial_bayou_shore_b
Snake:2:  layout_chambers, ebering_ghost_rock_garden, uniq_jorgrun, uniq_vashnia
Snake:3:  layout_grid_shapes
Snake:4:  snake_pit_salamanders_mu, layout_cave_town,
          ebering_ghost_reflecting_pool, nicolae_shop_firing_range
Orc:1:    layout_diamond_mine, serial_shops, nicolae_shop_tiny_statue_garden
Orc:2:    st_orc_congregation, layout_diamond_mine, basic_altar, led_sif_book
Vaults:1: nicolae_vaults_little_squares_2, vaults_mumra_hex,
          nicolae_vaults_apartment_1, nicolae_vaults_oval_intersection,
          nicolae_vaults_closet_pinwheel_1, vaults_standard_mumra_x,
          nicolae_vaults_tetromino_Z_1, nicolae_vaults_crenellated_ambush,
          v_misc_11, layout_vaults_omnigrid
Vaults:2: nicolae_vaults_you_can_take_it_with_you, hangedman_vaults_nodes,
          minmay_crypt_entry_nasty_monster, nicolae_vaults_ninety_degrees,
          v_misc_10, grunt_vaults_focal, v_misc_24, v_rooms_5,
          grunt_vaults_swirl, v_misc_18, nicolae_vaults_offset_grid_hallway_3,
          nicolae_vaults_diagonal_hallway_8, grunt_vaults_hallway_long,
          nicolae_vaults_double_plus_1, nicolae_vaults_trapezoid_1,
          layout_vaults_ring, uniq_margery, uniq_jory
Vaults:3: nicolae_vaults_turnstiles, dpeg_vaults_monster_row, v_alt_pattern_5,
          hangedman_vaults_corner_blocks, vaults_room_large_hall, v_misc_30,
          nicolae_vaults_big_ls, hangedman_vaults_cutoff,
          nicolae_vaults_house_1, nicolae_vaults_stand_back,
          grunt_vaults_hallway_short, layout_vaults_maze_bifur, serial_shops,
          bzr_entry_road
Vaults:4: hangedman_vaults_pinch, v_pattern_4, ontoclasm_vaults_chip,
          nicolae_vaults_apartment_2, nicolae_vaults_asterisk,
          ontoclasm_vaults_fire_temple, ontoclasm_vaults_tryst, v_misc_23,
          nicolae_vaults_trapezoid_1, nicolae_vaults_trapezoid_4,
          grunt_vaults_diagonal, nicolae_vaults_angled_halls,
          ontoclasm_vaults_spin, hangedman_vaults_stretched_pinwheel,
          hangedman_vaults_maws, layout_vaults_omnibox, serial_shops,
          nicolae_shop_back_alley_shop, uniq_mara, uniq_donald
Vaults:5: serial_shops
Depths:1: layout_basic, minmay_misc_feat_iff, abyss_entry_crystal, hellmouth_1,
          minmay_shattered_shrine
Depths:2: minmay_the_grid_triangle_9x9_recursive_2_mashed
          [minmay_the_grid_triangle_9x9_prize_center,
          minmay_the_grid_triangle_9x9_checkered,
          minmay_the_grid_triangle_9x9_fully_insulated_deathbox,
          minmay_the_grid_triangle_9x9_dagger], layout_gridlike,
          rand_demon_pan_entry_3, hell_entry, abyss_entry, grunt_decor_junction
Depths:3: hangedman_stitches_corridor, layout_small_grid, enter_ziggurat_d,
          nicolae_abyss_entry_one_way_or_another, tso_metal_star,
          pf_vacation_house_of_asmodeus, minmay_staircase_bubble, uniq_boris
Depths:4: evilmike_zot_entry_argh, layout_gridlike, hell_entry,
          kiku_gazebo_pond_becter
Zot:1:    layout_gridlike
Zot:2:    layout_cellular_growth, lemuel_lich_library
Zot:3:    lemuel_acid_trip, layout_cathedral_of_symmetry
Zot:4:    hangedman_zot_vaults_quadrants, layout_cathedral_of_symmetry
Zot:5:    layout_cathedral_of_symmetry

Skill      XL: |  1  2  3  4  5  6  7  8  9 10 11 12 13 14 15 16 17 18 19 20 21 22 23 24 |
---------------+-------------------------------------------------------------------------+-----
Unarmed Combat | 3 4 6 8 10 12 14 16 18 19 20 21 22 24 25 26 27 | 27.0
Fighting       | 4 5 6 7 9 10 12 13 14 15 17 18 19 20 21 23 24 26 | 26.4
Armour         | 5 7 8 9 |  9.4
Dodging        | 3 5 6 |  6.3
Shields        | 7 12 13 14 15 16 17 19 20 22 | 22.1

Action                     |  1- 3 |  4- 6 |  7- 9 | 10-12 | 13-15 | 16-18 | 19-21 | 22-24 || total
---------------------------+-------+-------+-------+-------+-------+-------+-------+-------++-------
  Melee: Unarmed           |   114 |   227 |   410 |   632 |  1033 |  1290 |  1230 |   865 ||  5801
  Throw: Throwing net      |       |       |       |       |       |     2 |       |       ||     2
 Invoke: Call Merchant     |       |       |     1 |       |     1 |       |       |     2 ||     4
         Potion Petition   |       |       |       |       |     5 |     2 |     1 |     4 ||    12
         Bribe Branch      |       |       |       |       |       |       |     1 |     4 ||     5
  Evoke: Wand              |       |       |       |       |     3 |     1 |     5 |       ||     9
    Use: Potion            |       |     6 |     2 |       |     7 |     2 |     8 |    10 ||    35
         Scroll            |       |     2 |     7 |     9 |     3 |     8 |     9 |    10 ||    48
   Stab: Distracted        |       |       |     1 |     8 |     1 |     8 |     7 |    16 ||    41
         Invisible         |       |       |       |       |     5 |       |       |       ||     5
 Armour: Chain mail        |    63 |   193 |    81 |       |       |       |       |       ||   337
         Scale mail        |     4 |       |       |       |       |       |       |       ||     4
         Ring mail         |       |       |    86 |   223 |   214 |       |       |       ||   523
         Plate armour      |       |       |       |       |   179 |   564 |   301 |    29 ||  1073
         Gold dragon scale |       |       |       |       |       |       |       |   121 ||   121
  Dodge: Dodged            |    27 |   118 |   157 |   172 |   266 |   281 |   132 |   161 ||  1314
  Block: Buckler           |    16 |    57 |    82 |   210 |   377 |   163 |       |       ||   905
         Reflection        |       |       |       |    10 |    32 |   108 |    74 |    20 ||   244
         Tower shield      |       |       |       |       |       |   942 |   882 |   616 ||  2440
